 Dungeon Crawl Stone Soup version 0.30-a0-135-g630cfc4551 (webtiles) character file.

Game seed: 8292644373492897925

33 kae the Firebug (level 3, 0/19 HPs)
             Began as a Deep Elf Fire Elementalist on Sept 20, 2022.
             Slain by a gnoll
             ... wielding a +0 club
              (2 damage)
             ... on level 1 of the Dungeon.
             The game lasted 00:01:03 (888 turns).

kae the Firebug (Deep Elf Fire Elementalist)         Turns: 888, Time: 00:01:04

Health: 0/19       AC:  3    Str:  5    XL:     3   Next: 12%
Magic:  11/18      EV: 12    Int: 21    God:
Gold:   0          SH:  0    Dex: 15    Spells: 5/8 levels left

rFire   . . .      SeeInvis .    (no weapon)
rCold   . . .      Faith    .    (no shield)
rNeg    . . .      Spirit   .    a - +0 robe
rPois   .          Reflect  .    (no helmet)
rElec   .          Harm     .    h - +0 cloak
rCorr   .          Rampage  .    (no gloves)
Will    .....                    (no boots)
Stlth   ++........               (no amulet)
HPRegen 0.06/turn                W - ring of magical power
MPRegen 0.16/turn                (no ring)

@: no status effects
A: no striking features
a: no special abilities


You were on level 1 of the Dungeon.
You visited 1 branch of the dungeon, and saw 2 of its levels.


   Skills:
 - Level 2.4 Dodging
 - Level 2.4 Stealth
 + Level 3.4 Spellcasting
 * Level 2.2 Conjurations
 * Level 3.9 Fire Magic


You had 5 spell levels left.
You knew the following spells:

 Your Spells              Type           Power      Damage    Failure   Level
a - Foxfire               Conj/Fire      64%        2x1d7     3%          1
b - Scorch                Fire           40%        2d7       3%          2

Your spell library contained the following spells:

 Spells                   Type           Power      Damage    Failure   Level
 Inner Flame              Hex/Fire       11%        N/A       17%         3
 Kindle Blastsparks       Fire/Tloc/Air  18%        2d11      22%         3
 Flame Wave               Conj/Fire      16%        2d7       34%         4

Inventory:

Missiles
 d - 14 stones
Armour
 a - a +0 robe (worn)
 h - a +0 cloak (worn)
   (You found it on level 2 of the Dungeon)
Jewellery
 W - a ring of magical power (left hand)
   (You found it on level 1 of the Dungeon)
 Z - a ring of wizardry
   (You found it on level 1 of the Dungeon)
Scrolls
 c - a scroll of identify {@r1}
 e - a scroll of poison {unknown}
Potions
 b - a potion of magic
 g - a potion of brilliance

Dungeon Overview and Level Annotations

Branches:
Dungeon (2/15) Zot: 11111

Altars:

Shops:
D:1

* #†## ##... ##†##
##..# ...
##.###...# ##.#
##)#>#..###... .
##..........# .#
#)##..####.# ..
#.##..# #.# .#.#
#g##.r# #.##.†...
#@##..####...#.#.#
#.##.†...rrg......
#.##.#########.#.#
#.##.# # #.##.#
#g##. #.### #.#


You could see a gnoll (combustible) and a hobgoblin.


Message History

You lost 1 mp, and now have 14/17 mp.
There are monsters nearby!
Casting: Scorch (safe; 4% risk of failure)
Confirm with . or Enter, or press ? or * to list all spells.
You can't see any susceptible monsters within range! (Use Z to cast anyway.)
There are monsters nearby!
There are monsters nearby!
Casting: Scorch (safe; 4% risk of failure)
Confirm with . or Enter, or press ? or * to list all spells.
You conjure some foxfire!
The gnoll shouts!
You hear a shout!
A goblin comes into view. It is wielding a +0 dagger.
A quokka comes into view.
The foxfire hits the gnoll.
The foxfire hits the gnoll but does no damage.
Casting: Foxfire (safe; 4% risk of failure)
Confirm with . or Enter, or press ? or * to list all spells.
You conjure some foxfire!
The foxfire hits the ball python.
You kill the ball python!
The foxfire hits the quokka.
A quokka comes into view. x2
You have reached level 3!
Your experience leads to an increase in your attributes!
Increase (S)trength, (I)ntelligence, or (D)exterity?
You feel clever. x2 😎 HP[+4] MP[-1]
You now have 19 max hp (+4).
Your hp is fully restored (19). 😎 MP[+1]
Okay, then.
You aren't carrying any items that you can evoke.
Unknown command. 😎 MP[+1]
There is a stone staircase leading down here.
You climb downwards.
There is a stone staircase leading up here.
You start resting. 😎 MP[+3]
Your mp is fully restored (18).
You see here a +0 cloak.
h - a +0 cloak You start putting on your armour.
You continue putting on your +0 cloak. x4
You finish putting on your +0 cloak.
As you read the scroll labelled ICAZ TOREL, it crumbles to dust.
You feel strangely unstable.
It was a scroll of teleportation.
As you read the scroll labelled NOIRISYKUC, it crumbles to dust.
It is a scroll of identify.
g - a potion of brilliance
There is a stone staircase leading up here.
You climb upwards.
Your surroundings seem slightly different.
The gnoll hits you with a +0 club.
The gnoll completely misses you. 😕 HP[-2]
You take 2 damage, and now have 17/19 hp.
The gnoll attacks as you move away!
The gnoll hits you with a +0 club! 😮 HP[-7]
You take 7 damage, and now have 10/19 hp.
MASSIVE DAMAGE!! (PAUSE)
Casting: Foxfire (safe; 3% risk of failure)
Confirm with . or Enter, or press ? or * to list all spells.
Flames lash the quokka.
You kill the quokka!
The gnoll barely misses you. The gnoll closely misses you. 😮 MP[-2]
You lost 2 mp, and now have 16/18 mp.
The gnoll attacks as you move away! The gnoll misses you.
Unknown command.
Casting: Scorch (safe; 3% risk of failure)
Confirm with . or Enter, or press ? or * to list all spells.
Flames lash the quokka.
You kill the quokka!
The gnoll closely misses you. The gnoll hits you with a +0 club.
* * * LOW HITPOINT WARNING * * *
😨 HP[-3] MP[-2]
You take 3 damage, and now have 7/19 hp.
You lost 2 mp, and now have 14/18 mp.
Unknown command.
Okay, then.
A hobgoblin comes into view. 😨 MP[+1]
Casting: Scorch (safe; 3% risk of failure)
Confirm with . or Enter, or press ? or * to list all spells.
Flames lash the goblin.
You kill the goblin!
The gnoll hits you but does no damage.
The hobgoblin shouts!
The gnoll hits you but does no damage. 😨 MP[-2]
You lost 2 mp, and now have 13/18 mp.
Unknown command.
Casting: Scorch (safe; 3% risk of failure)
Confirm with . or Enter, or press ? or * to list all spells.
Flames lash the gnoll.
The gnoll's fire resistance burns away.
The gnoll hits you with a +0 club.
* * * LOW HITPOINT WARNING * * *
The gnoll hits you with a +0 club.
You die...

Skill      XL: |  1  2 |
---------------+-------+-----
Conjurations   | 2 |  2.2
Dodging        | |  2.4
Stealth        | |  2.4
Spellcasting   | |  3.4
Fire Magic     | |  3.9

Action                   || total
-------------------------++-------
 Cast: Foxfire           ||    25
       Scorch            ||    16
  Use: Scroll            ||     2
Armor: Robe              ||     5
Dodge: Dodged            ||    19

Levels and vault maps discovered:
D:1:      dpeg_arrival_signposts, layout_loops_ring, serial_shops,
          nicolae_shop_behind_doors, minmay_stone_trees_small, st_stairs_9,
          roderic_serpentine_path, serial_park_tiny_1,
          amcnicky_mini_rare_corridor_liquid
D:2:      layout_basic, shapermc_ecumenical_altar_pompeii

Notes
Turn   | Place    | Note
-------+----------+-------------------------------------------
     0 | D:1      | kae the Deep Elf Fire Elementalist began the quest for the
                  | Orb.
     0 | D:1      | Reached XP level 1. HP: 10/10 MP: 6/6
     0 | D:1      | magus.rc [v1.11.3]
   182 | D:1      | Reached XP level 2. HP: 15/15 MP: 8/8
   185 | D:1      | Learned a level 2 spell: Scorch
   576 | D:1      | Found Soapeudd's General Store.
   592 | D:1      | Reached skill level 2 in Conjurations
   837 | D:1      | Reached XP level 3. HP: 19/19 MP: 9/9
   887 | D:1      | HP: 2/19 [gnoll/+0 club (5)]
   888 | D:1      | Slain by a gnoll

Vanquished Creatures
  4 ball pythons (D:1)
  4 bats (D:1)
  2 endoplasms (D:1)
  2 goblins (D:1)
  4 hobgoblins (D:1)
  4 jackals (D:1)
  4 quokkas (D:1)
  2 kobolds (D:1)
  A rat (D:1)
27 creatures vanquished.

Vanquished Creatures (others)
  37 foxfires (D:1)
37 creatures vanquished.

Grand Total: 64 creatures vanquished

Table legend:
 A = Non-vault XP
 B = Vault XP
 C = Vault XP percentage of total XP
 D = Non-vault monster count
 E = Vault monster count
 F = Vault count percentage of total count
                 A         B        C        D         E       F
            +---------+---------+-------+---------+---------+-------
      Total |      40 |       8 |  16.7 |      23 |       4 |  14.8
            +---------+---------+-------+---------+---------+-------
        D:1 |      40 |       8 |  16.7 |      23 |       4 |  14.8
            +---------+---------+-------+---------+---------+-------

Illustrated notes

Table legend:
 A = Kills in this place as a percentage of kills in entire the game.
 B = Kills by you in this place as a percentage of kills by you in the entire game.
 C = Kills by friends in this place as a percentage of kills by friends in the entire game.
 D = Other kills in this place as a percentage of other kills in the entire game.
 E = Experience gained in this place as a percentage of experience gained in the entire game.
 F = Experience gained in this place divided by the number of levels of this place that you have seen.
                   A       B       C       D       E      F
               +-------+-------+-------+-------+-------+----------------------
         Total | 100.0 | 100.0 |   N/A |   N/A | 100.0 |  24.0
       Dungeon | 100.0 | 100.0 |   N/A |   N/A | 100.0 |  24.0
               +-------+-------+-------+-------+-------+----------------------

Table legend: (Time is in decaauts)
 A = Elapsed time spent in this place.
 B = Non-inter-level travel time spent in this place.
 C = Inter-level travel time spent in this place.
 D = Time resting spent in this place.
 E = Time spent auto-exploring this place.
 F = Levels seen in this place.
 G = Mean time per level.
                   A        B        C        D        E       F      G
               +--------+--------+--------+--------+--------+-----+--------+
         Total |    887 |    887 |      0 |     16 |    716 |   2 |  443.5 |
       Dungeon |    887 |    887 |      0 |     16 |    716 |   2 |  443.5 |
               +--------+--------+--------+--------+--------+-----+--------+

Top non-repeatable levels by time:
     D:1: 860 daAuts
     D:2: 27 daAuts
